← All builds
Pond / Legion / Economy first / OBSERVED BUILD

Standard pond

Legion Pond builds its bot lab by 3:45, boosts front and tidals, then adds a shipyard around 8:25 and an advanced metal extractor by 9:11, transitioning into seaplane gunships and other bots to keep helping the front hold until team T2.

#eco #team support · 11 distinct matches · 6 players · 52% of Legion Pond games · team won 67% of 12 · Recently observed

THE CATCH, AND WHAT COMES WITH IT
  • EnyoEnyo in 42%17% of all Pond games by then

Then transitions into Goblin (22% of army), Enyo (19% of army), Satyr (12% of army).

HOW TO PLAY IT

Key timing: Legion Bot Lab by 3:54

  1. Build tidal generators and mex first to fund boosting.
  2. Boost fronts with wind or tidal, adjusting to their wind level.
  3. Get a Legion Bot Lab up around 3:54 for your own units.
  4. Send Goblins, Enyos, Satyrs and Karkinos to reinforce front.
  5. Upgrade a mex to Advanced Metal Extractor as tech kicks in.

Phase by phase

TYPICAL OF ITS 11 GAMES
  1. 1
  2. 2
  3. 3
  4. 4
PLAY THE OPENING

Follow the example game's first 6:00 step by step: what to build now, what comes next, and where it goes. At 1× it keeps pace with your own game.

  1. 1

    Up to the Legion Bot Lab

    Economy
    • Metal Extractor4Mex
    • Tidal Generator8Tidalfor allies
    • Wind Turbine6Wind
    Order
    1. Legion Bot LabLegion Bot Lab after 4 mex, 6 wind, 1 energy storagedone ~3:45, middle half 3:12–6:56

    Some games also: energy storage (50%) · tidal (50%)

    By 3:20 in all: 4 mex · 6 wind

    The example game in this phase · 10 steps
    1. Tidal ×10for Suicide front
    2. Windfor Beach sea
    3. Mex ×3
    4. Wind ×3for Beach sea
    5. Mex
    6. Wind ×4
    7. Energy storage
    8. Wind ×8
    9. Converter ×7
    10. Legion Bot LabLegion Bot Labdone 6:44 · typical 3:45
  2. 2

    Legion Bot Lab to 5:00

    Some games also: Legion Construction Bot (50%) · wind (42%)

    By 5:00 in all: 4 mex · 10 wind · 1 tidal · 1 energy storage

  3. 3

    5:00 to Shipyard

    Economy
    • Wind Turbine13Wind
    Order
    1. ShipyardShipyard after 4 mex, 14 wind, 1 energy storagedone ~8:25, middle half 5:10–11:20
    Builders
    • Legion Construction Bot2 Legion Construction Bot

    Some games also: Goblin (42%) · converter (42%)

    By 8:10 in all: 4 mex · 21 wind · 1 tidal · 2 converter · 1 energy storage

    The example game in this phase · 2 steps
    1. Legion Construction BotLegion Construction Bot ×5
    2. GoblinGoblin ×15
  4. 4

    Shipyard to 10:00

    Some games also: wind (42%) · con turret (33%) · converter (33%)

    By 10:00 in all: 4 mex · 26 wind · 1 tidal · 6 converter · 1 energy storage · 1 con turret

    The example game in this phase · 70 steps
    1. Con turret
    2. Advanced Metal ExtractorT2 mexdone 9:28 · typical 9:11
    3. GoblinGoblin
    4. Wind
    5. GoblinGoblin
    6. Wind
    7. GoblinGoblin
    8. Wind ×3
    9. ZagreusZagreus
    10. Wind ×2
    11. Advanced Metal ExtractorT2 mex
    12. Wind ×3
    13. ZagreusZagreus
    14. Wind
    15. ZagreusZagreus
    16. Wind ×3
    17. GoblinGoblin
    18. Wind
    19. GoblinGoblin
    20. Advanced Metal ExtractorT2 mex
    21. GoblinGoblin
    22. Wind
    23. GoblinGoblin
    24. Wind ×3
    25. GoblinGoblin
    26. Wind
    27. GoblinGoblin ×2
    28. Wind
    29. GoblinGoblin
    30. Wind
    31. GoblinGoblin ×2
    32. Wind
    33. GoblinGoblin ×2
    34. Advanced Metal ExtractorT2 mex
    35. Wind
    36. GoblinGoblin ×2
    37. Wind
    38. GoblinGoblin ×2
    39. Wind
    40. Legion Construction BotLegion Construction Bot
    41. Wind
    42. Legion Construction BotLegion Construction Bot
    43. Wind
    44. Legion Construction BotLegion Construction Bot
    45. Wind
    46. Legion Construction BotLegion Construction Bot
    47. Wind
    48. GoblinGoblin
    49. Wind
    50. GoblinGoblin ×2
    51. Wind
    52. GoblinGoblin ×3
    53. Wind
    54. GoblinGoblin ×2
    55. Wind
    56. GoblinGoblin ×3
    57. Wind
    58. GoblinGoblin ×2
    59. Wind
    60. GoblinGoblin ×3
    61. Wind
    62. GoblinGoblin ×3
    63. Wind
    64. GoblinGoblin ×2
    65. Wind
    66. GoblinGoblin ×3
    67. Wind
    68. GoblinGoblin ×3
    69. Wind
    70. GoblinGoblin ×2

Counts are medians over the build's games: half of them build more, half fewer. The example game is [BS]Hellzie's (38 OS, 13/09/2026); pick another.

Team trades

IN AT LEAST 30% OF ITS GAMES

You hand over

  • Tidal Generator8 Tidal to Suicide front or Frontfirst at 0:13 · in 92% of games

You get

  • Gunslinger1 Gunslinger from Tech or Suicide frontfirst at 5:20 · in 33% of games
  • Advanced Construction Bot1 T2 con bot from Tech or Geofirst at 7:59 · in 92% of games

How it plays out

Typical game of this build, running totals by minute

Metal produced

010k20k
0:005:0010:0015:00

metal

Enemy metal destroyed

02.5k5k7.5k
0:005:0010:0015:00

metal

Own metal lost

01k2k3k
0:005:0010:0015:00

metal

12 games.

Show as table
ByMetal produced: This buildEnemy metal destroyed: This buildOwn metal lost: This build
1:0011500
2:0028100
3:0084300
4:00151100
5:00224900
6:00313200
7:003946750
8:0047173000
9:006022647110
10:0074911400315
11:0092062529650
12:001138130371247
13:001433657121642
14:001686857921927
15:001848762442617
WHAT THE NUMBERS SAY

Standard Pond wins 62% of games while producing the least metal of the sampled roles, reflecting its support-first job.

  • + Zero own metal lost by 10:00 shown at 0, indicating very low early risk.
  • − Lowest 15:00 metal production of all sampled builds, only 18689.
THE EXAMPLE YOU ARE READING

[BS]Hellzie

37.8 OS · 13/09/2026

Open source match ↗

3 received units · includes a constructor
300 metal received · 21331 energy received

Allied construction assistance is unknown. Timings are observations, not a promise of solo reproducibility.

Typical milestones

Legion Bot Lab3:45Middle 50%: 3:12–6:56 · n=10
Shipyard8:25Middle 50%: 5:10–11:20 · n=6
Advanced Metal Extractor9:11Middle 50%: 8:35–9:35 · n=10

Played most by

Boozha5games of this buildViltrum3games of this build[BS]Hellzie1game of this buildDRM1game of this buildEpicTyrannus1game of this build